 Dungeon Crawl Stone Soup version 0.29.1-12-g30fa7ad0bf (webtiles) character file.

Game seed: 3327881278604815746

1493146 concernfroge the Metallomancer (level 27, 190/190 HPs)
             Began as a Gargoyle Earth Elementalist on Dec 31, 2022.
             Was the Champion of Vehumet.
             Escaped with the Orb
             ... and 3 runes on Jan 1, 2023!
             The game lasted 07:43:48 (90165 turns).

concernfroge the Metallomancer (GrEE)              Turns: 90165, Time: 07:43:48

Health: 190/190    AC: 50    Str: 13      XL:     27
Magic:  50/56      EV: 10    Int: 38 (39) God:    Vehumet [******]
Gold:   3109       SH: 30    Dex: 10      Spells: 12/66 levels left

rFire   + + .      SeeInvis +   a - +10 spear of Cawuig {freeze, Contam rF++ MP+9}
rCold   + + .      Faith    .   K - +7 tower shield "Xucrorphe" {Slay+6}
rNeg    + . .      Spirit   .   T - +4 acid dragon scales "Ciroc" {Regen+ rCorr Slay+3}
rPois   ∞          Reflect  +   p - +2 helmet {SInv}
rElec   +          Harm     .   X - +2 cloak {Stlth+}
rCorr   +          Rampage  .   U - +2 pair of gloves of the Garden {rC+}
Will    ++++.      Rage     3%  i - +2 pair of boots
Stlth   ++........              w - amulet "Hanluben" {Reflect Will++ Int+4 SH+5}
HPRegen 1.21/turn               E - +6 ring of intelligence
MPRegen 0.35/turn               y - ring of protection from cold

@: flying
A: sickness immunity, AC +20, big wings, negative energy resistance 1,
electricity resistance, torment resistance 1, petrification resistance, hooves
1, berserk 1, deterioration 1, inability to read after injury 2
0: Orb of Zot
}: 3/15 runes: decaying, serpentine, silver
a: Renounce Religion


You escaped.
You worshipped Vehumet.
Vehumet was exalted by your worship.
You visited 11 branches of the dungeon, and saw 50 of its levels.
You visited 1 bazaar.
You also visited: Sewer and Ice Cave.

You collected 8650 gold pieces.
You spent 5541 gold pieces at shops.

Inventory:

Hand Weapons
 a - the +10 spear of Cawuig (weapon) {freeze, Contam rF++ MP+9}
   (You found it on level 4 of the Dungeon)

   It freezes those it strikes, dealing additional cold damage.
   It can also slow down cold-blooded creatures.
   rF:        It greatly protects you from fire.
   MP:        It affects your magic capacity (+9).
   Contam:    It causes magical contamination when unequipped.
Missiles
 F - 8 throwing nets
Armour
 i - a +2 pair of boots (worn)
 p - a +2 helmet of see invisible (worn)
 K - the +7 tower shield "Xucrorphe" (worn) {Slay+6}
   (You found it on level 4 of the Vaults)

   Slay:      It affects your accuracy & damage with ranged weapons and melee
   (+6).
 T - the +4 acid dragon scales "Ciroc" (worn) {Regen+ rCorr Slay+3}
   (You bought it in a shop on level 1 of the Depths)

   Slay:      It affects your accuracy & damage with ranged weapons and melee
   (+3).
   Regen:     It increases your rate of health regeneration.
   rCorr:     It protects you from acid and corrosion.
 U - the +2 pair of gloves of the Garden (worn) {rC+}
   (You acquired it on level 2 of the Lair of Beasts)

   rC:        It protects you from cold.
 X - a +2 cloak of stealth (worn)
Jewellery
 f - a ring of positive energy
 w - the amulet "Hanluben" (around neck) {Reflect Will++ Int+4 SH+5}
   (You found it in an ice cave)

   [amulet of reflection]

   It reflects blocked missile attacks.
   Int:       It affects your intelligence (+4).
   SH:        It affects your SH (+5).
   Will:      It greatly increases your willpower.
 y - a ring of protection from cold (right hand)
 E - a +6 ring of intelligence (left hand)
 Z - the ring "Jeyfih" {rElec rPois rF+ rCorr Dex+2}
   (You found it in an ice cave)

   [ring of resist corrosion]

   Dex:       It affects your dexterity (+2).
   rF:        It protects you from fire.
   rElec:     It insulates you from electricity.
   rPois:     It protects you from poison.
   rCorr:     It protects you from acid and corrosion.
Wands
 v - a wand of roots (21)
 D - a wand of flame (10)
 G - a wand of quicksilver (12) (quivered)
 H - a wand of digging (11)
 R - a wand of charming (49)
 S - a wand of polymorph (39)
 W - a wand of mindburst (7)
Scrolls
 b - 5 scrolls of vulnerability
 c - 4 scrolls of torment
 h - 9 scrolls of fear
 j - 2 scrolls of amnesia
 l - 2 scrolls of silence
 m - 5 scrolls of blinking
 n - 35 scrolls of teleportation
 A - 8 scrolls of noise
 I - 11 scrolls of fog
 L - 8 scrolls of immolation
 O - 4 scrolls of summoning
 Q - a scroll of magic mapping
 V - 9 scrolls of poison
Potions
 e - 12 potions of mutation
 k - 31 potions of curing
 s - 3 potions of might
 t - 12 potions of lignification
 u - 12 potions of ambrosia
 x - 7 potions of heal wounds
 B - 8 potions of resistance
 C - 9 potions of cancellation
 J - 6 potions of attraction
 M - 4 potions of brilliance
 N - 4 potions of invisibility
Miscellaneous
 d - a condenser vane
 g - a tin of tremorstones (2/2)
 o - a phantom mirror
 z - a box of beasts
 P - a phial of floods
 Y - a lightning rod (4/4)


   Skills:
 - Level 24.0 Fighting
 - Level 12.0 Polearms
 + Level 16.6 Armour
 - Level 5.0 Dodging
 - Level 10.0 Stealth
 + Level 15.6 Shields
 - Level 20.0 Spellcasting
 - Level 18.0 Conjurations
 - Level 6.0 Necromancy
 - Level 4.0 Translocations
 - Level 0.7 Transmutations
 - Level 10.0 Fire Magic
 - Level 8.0 Air Magic
 - Level 24.0 Earth Magic
 - Level 6.6 Evocations


You had 12 spell levels left.
You knew the following spells:

 Your Spells              Type           Power      Damage    Failure   Level
a - Sandblast             Erth           100%       2d20      0%          1
b - Stone Arrow           Conj/Erth      100%       3d13      0%          3
c - Petrify               Tmut/Erth      93%        N/A       1%          4
d - Passwall              Tmut/Erth      77%        N/A       1%          2
e - Apportation           Tloc           100%       N/A       1%          1
f - Borgnjor's Vile Clut  Necr/Erth      50%        N/A       1%          5
h - Freezing Cloud        Conj/Ice/Air   40%        6-21      1%          5
i - Swiftness             Air            78%        N/A       1%          3
j - Blink                 Tloc           100%       N/A       1%          2
k - Lee's Rapid Deconstr  Erth           60%        3d29*     0%          5
l - Shatter               Erth           60%        3d45*     4%          9
m - Iron Shot             Conj/Erth      57%        9d11      1%          6
n - Lehudib's Crystal Sp  Conj/Erth      57%        10d13     1%          8

Your spell library contained the following spells:

 Spells                   Type           Power      Damage    Failure   Level
 Foxfire                  Conj/Fire      100%       2x1d9     0%          1
 Shock                    Conj/Air       100%       1d9       0%          1
 Static Discharge         Conj/Air       95%        3-15/arc  0%          2
 Necrotise                Necr           100%       1d9       1%          1
 Conjure Flame            Conj/Fire      97%        6-21      1%          3
 Ignite Poison            Fire/Tmut/Pois 60%        N/A       1%          3
 Inner Flame              Hex/Fire       66%        N/A       1%          3
 Mephitic Cloud           Conj/Pois/Air  81%        N/A       1%          3
 Vampiric Draining        Necr           70%        2d11      1%          3
 Airstrike                Air            39%        2d(6-22)  1%          4
 Animate Armour           Summ/Erth      100%       N/A       1%          4
 Flame Wave               Conj/Fire      97%        2d20      1%          4
 Hailstorm                Conj/Ice       82%        3d17      1%          4
 Iskenderun's Mystic Bla  Conj/Tloc      88%        2d17      1%          4
 Fireball                 Conj/Fire      48%        3d19      1%          5
 Iskenderun's Battlesphe  Conj           100%       2d15      1%          5
 Lightning Bolt           Conj/Air       47%        1d68      1%          5
 Starburst                Conj/Fire      48%        6d13      1%          6
 Orb of Destruction       Conj           54%        9d14      1%          7
 Frozen Ramparts          Ice            76%        1d12      2%          3
 Animate Dead             Necr           70%        N/A       2%          4
 Dispel Undead            Necr           70%        3d24      2%          4
 Slow                     Hex            100%       N/A       3%          1
 Summon Small Mammal      Summ           100%       N/A       3%          1
 Wereblood                Tmut           43%        N/A       3%          2
 Ensorcelled Hibernation  Hex/Ice        76%        N/A       4%          2
 Portal Projectile        Hex/Tloc       100%       N/A       4%          3
 Passage of Golubria      Tloc           62%        N/A       6%          4
 Call Canine Familiar     Summ           38%        N/A       10%         3
 Confusing Touch          Hex            38%        N/A       10%         3
 Ozocubu's Armour         Ice            38%        N/A       10%         3
 Summon Guardian Golem    Hex/Summ       38%        N/A       10%         3
 Tukima's Dance           Hex            38%        N/A       10%         3
 Manifold Assault         Tloc           62%        N/A       17%         5
 Silence                  Hex/Air        31%        N/A       17%         5
 Spellforged Servitor     Conj/Summ      41%        N/A       17%         7
 Ice Form                 Ice/Tmut       40%        N/A       26%         4
 Summon Ice Beast         Ice/Summ       38%        N/A       30%         4
 Summon Forest            Summ/Tloc      26%        N/A       36%         5
 Death Channel            Necr           35%        N/A       38%         6
 Blade Hands              Tmut           21%        N/A       54%         5
 Alistair's Intoxication  Tmut/Pois      26%        N/A       58%         5
 Ignition                 Fire           42%        3d12      61%         8
 Metabolic Englaciation   Hex/Ice        19%        N/A       65%         5
 Summon Mana Viper        Hex/Summ       38%        N/A       65%         5
 Eringya's Noxious Bog    Tmut/Pois      20%        N/A       67%         6
 Simulacrum               Ice/Necr       28%        N/A       80%         6
 Maxwell's Capacitive Co  Air            39%        ∞         86%         8
 Fire Storm               Conj/Fire      48%        8d12      91%         9
 Chain Lightning          Conj/Air       47%        3d63      97%         9
 Summon Cactus Giant      Summ           19%        N/A       99%         6
 Ozocubu's Refrigeration  Ice            19%        4d11      99%         7
 Storm Form               Tmut/Air       31%        N/A       99%         7
 Haunt                    Necr/Summ      28%        N/A       100%        7
 Summon Hydra             Summ           19%        N/A       100%        7
 Borgnjor's Revivificati  Necr           35%        N/A       100%        8
 Necromutation            Tmut/Necr      29%        N/A       100%        8
 Death's Door             Necr           35%        N/A       100%        9
 Polar Vortex             Ice            19%        N/A       100%        9
 Sublimation of Blood     Necr           Unusable   N/A       N/A         2

Dungeon Overview and Level Annotations

Branches:
Dungeon (15/15)            Temple (1/1) D:7            Lair (5/5) D:8
  Swamp (4/4) Lair:2        Snake (4/4) Lair:2        Slime (0/5) Lair:4
    Orc (2/2) D:10            Elf (2/3) Orc:2        Vaults (5/5) D:14
  Crypt (3/3) Vaults:2       Tomb (0/3) Crypt:3      Depths (4/4) D:15
    Zot (5/5) Depths:4      Sewer (visited)           IceCv (visited)

Altars:
Ashenzari
Cheibriados
Dithmenos
Elyvilon
Fedhas
Gozag
Hepliaklqana
Kikubaaqudgha
Makhleb
Nemelex Xobeh
Okawaru
Qazlal
Ru
Sif Muna
Trog
Uskayaw
Vehumet
Wu Jian
Xom
Yredelemnul
Zin
The Shining One
Jiyva
Lugonu

Shops:
D:1 *   D:2 [   D:8 =   Orc:2 [*(:   Vaults:1 *(*   Vaults:2 =   Zot:2 *
Depths:1 [:=**

Portals:
Hell: Depths:1 Depths:2 Depths:3 Depths:4
Abyss: Depths:1 Depths:3
Pandemonium: Depths:1 Depths:2 Depths:4
Ziggurat: Depths:2

Annotations:
D:3 Grinder
D:7 exclusion: downstairs
D:10 exclusion: 2 statues
Lair:1 exclusion: downstairs
Lair:5 exclusion: 3 doors
Swamp:2 2 transporters, Lifilof's ghost, adept MiFi
Snake:3 exclusion: downstairs
Crypt:1 3 runed translucent doors, exclusion: 3 doors, Fainec's ghost, veteran GrEE; Woadakig's ghost, veteran FoFi
Depths:3 exclusion: downstairs
Zot:3 exclusion: downstairs
Zot:5 exclusion: upstairs


Innate Abilities, Weirdness & Mutations

You are immune to sickness and miasma.
Your stone body is resilient. (AC +20)
You are immune to poison.
Your large and strong wings let you fly.
You resist negative energy. (rN+)
You are resistant to electric shocks. (rElec)
You are resistant to unholy torment.
You are immune to petrification.
You have large cloven feet.
You sometimes lose your temper in combat.
Your body sometimes deteriorates upon taking damage.
You sometimes lose the ability to read scrolls when taking damage.


Message History

Where to? (Enter - D:6 @ (x,y), ? - help)
What level of the Dungeon? (default 1, ? - help)
There is a stone staircase leading up here.
You fly upwards.
There is a stone staircase leading down here.
There is a stone staircase leading up here.
You fly upwards.
Level annotation: Grinder
There is a stone staircase leading down here.
A green death comes into view.
The green death roars!
Casting: Iron Shot (safe; 1% risk of failure)
Confirm with . or Enter, or press ? or * to list all spells.
Aiming: Lehudib's Crystal Spear (mildly dangerous; 1% risk of failure)
Press: ? - help, Shift-Dir - straight line, f - green death
Aim: a green death (90% to hit)
The crystal spear hits the green death!!!!
You kill the green death!
Vehumet accepts your kill.
You feel your power returning.
You hear a shout!
An Orb Guardian comes into view.
There is a stone staircase leading up here.
Okay, then.
Grinder gestures at you. You resist with almost no effort.
You fly upwards.
There is a stone staircase leading down here.
There is a stone staircase leading up here.
You fly upwards.
There is a stone staircase leading down here.
(D) Dungeon (T) Temple (L) Lair (S) Swamp (P) Snake Pit (M) Slime Pits (O) Orcish Mines (E) Elven Halls (V) Vaults (C) Crypt (W) Tomb (U) Depths (H) Hell (Z) Zot
Where to? (Enter - D:2 @ (x,y), ? - help)
What level of the Dungeon? (default 1, ? - help)
There is an open door here.
There is a staircase leading out of the dungeon here.
You have escaped!

#.####......###.# #.#
#......#...## #.# #.#
######....#####.####.#
##..............#
####.####.######
####§§≈.§≈§#.#
#..+§§≈≈≈≈§'.# #########
###.##§§.§§§≈### #.......#
##....#≈§.@.≈§# #.#####.#
#.....#§§.§..≈### #.# #.#
#..##.+.§§§§§.+.###.#####.#
#..####§§≈.§≈≈#........##.#
##..#..####.########.##.##.#
#.[...##....## #.##.##.#
#...####.....# ###.......#
#...####....## #.........#
#..........## #.#.##.#..#


There were no monsters in sight!

Vanquished Creatures
  5 dread liches
  3 ancient liches
  3 orbs of fire (Zot:5)
  2 juggernauts (Depths:2)
  the Lernaean hydra (Swamp:4)
  3 curse toes
  7 Killer Klowns (Zot:5)
  Saint Roka (Elf:2)
  5 caustic shrikes
  12 golden dragons
  Nikola (Swamp:3)
  A bone dragon (Depths:2)
  Jorgrun (D:12)
  4 electric golems
  An Ice Fiend (D:9)
  Rupert (D:12)
  15 tentacled monstrosities
  8 liches
  Asterion (Snake:3)
  8 titans
  A walking frostbound tome (Depths:3)
  26 Orb Guardians
  4 quicksilver dragons
  A walking divine tome (Depths:2)
  8 ancient champions
  9 sphinxes
  5 tengu reavers
  3 revenants
  11 death cobs
  Agnes (Elf:1)
  11 shadow dragons
  16 storm dragons
  3 draconian monks
  4 draconian knights
  4 nagarajas
  8 frost giants
  4 juggernaut zombies (Depths:2)
  2 iron dragons
  2 deep elf sorcerers (Vaults:5)
  7 fire giants
  A caustic shrike zombie (Crypt:3)
  8 draconian stormcallers
  3 ghost moths
  9 draconian scorchers
  An orc warlord (Orc:2)
  2 curse skulls (Crypt:2)
  3 ghouls (Crypt:3)
  A balrug (Depths:2)
  2 deep elf elementalists (Elf:2)
  17 vault wardens
  5 draconian shifters
  22 ironbound preservers
  4 spriggan defenders
  A juggernaut skeleton (Depths:2)
  8 draconian annihilators
  21 stone giants
  2 war gargoyles
  5 caustic shrike skeletons
  5 ironbound thunderhulks
  45 very ugly things
  5 green draconians
  10 vampire knights
  5 eleionomae
  4 white draconians
  A deep elf demonologist (Vaults:5)
  8 yellow draconians
  9 purple draconians
  A deep elf annihilator (Elf:1)
  An entropy weaver (Vaults:3)
  Nessos (Orc:2)
  5 red draconians
  Azrael (Elf:1)
  6 black draconians
  4 bunyips
  2 spark wasps (Depths:2)
  3 eidola
  7 jiangshi (Crypt:2)
  13 ettins
  4 deep elf death magi
  A crystal guardian (Vaults:4)
  14 fire dragons
  A green death (D:3)
  11 yaktaur captains
  5 great orbs of eyes
  Josephine (Lair:3)
  3 deep elf high priests (Vaults:5)
  20 hydras
  38 vault guards
  3 quicksilver dragon skeletons
  12 ice dragons
  5 boulder beetles
  3 ghost crabs
  A hell beast (D:7)
  8 rakshasas
  12 anacondas
  A peacekeeper (Vaults:4)
  A juggernaut simulacrum (Depths:3)
  5 spriggan air magi
  3 salamander tyrants
  4 spriggan skeletons
  3 ogre magi
  A death knight (Crypt:1)
  5 ironbound frosthearts
  2 anacondas (shapeshifter) (Vaults:5)
  6 deep troll earth magi
  7 deep troll shamans
  11 two-headed ogres
  A death yak (Lair:5)
  A satyr (shapeshifter) (D:15)
  17 centaur warriors
  22 dancing weapons
  The ghost of xian the Skirmisher, a novice DrBe of Trog (D:8)
  12 alligators
  15 naga warriors
  4 tengu warriors
  8 orc high priests
  10 vampire magi
  15 hell knights
  6 shock serpents
  6 spriggan berserkers
  A quicksilver ooze zombie (Crypt:2)
  16 naga sharpshooters
  A soul eater (D:15)
  16 deep elf knights
  32 skeletal warriors
  2 sun demons
  8 titan skeletons
  A shadow wraith (Vaults:5)
  7 salamander mystics
  Nergalle (Lair:3)
  Amaemon (D:10)
  80 deep trolls
  7 iron trolls
  2 golden dragon zombies
  Lodul (D:12)
  10 flayed ghosts
  10 swamp dragons
  2 spriggan druids
  11 glowing orange brains
  6 goliath frogs
  A shadow dragon zombie (Depths:2)
  9 harpies
  An orb spider (shapeshifter) (Vaults:5)
  2 orange crystal statues
  A bunyip skeleton (Crypt:3)
  2 bog bodies
  14 phantasmal warriors
  7 naga ritualists
  10 wizards
  6 deep elf archers
  13 necromancers
  An obsidian statue (Zot:5)
  20 lindwurms
  A wolf spider zombie (Crypt:1)
  5 orc knights
  4 golden dragon skeletons
  An iron dragon zombie (Crypt:1)
  13 mana vipers
  19 deep elf zephyrmancers
  16 ironbound convokers
  56 ugly things
  13 oklob plants
  4 sphinx zombies
  A human zombie (Vaults:4)
  7 orc sorcerers
  4 manticores
  19 salamanders
  A will-o-the-wisp (Swamp:4)
  25 deep elf pyromancers
  6 cyclopes
  2 sphinx skeletons
  A cyclops (shapeshifter) (Depths:3)
  2 iron dragon skeletons (Depths:2)
  A moth of wrath (shapeshifter) (Vaults:5)
  A tengu skeleton (Vaults:2)
  20 moths of wrath
  A frost giant zombie (Vaults:3)
  34 black mambas
  A fire giant skeleton (Vaults:2)
  Maurice (D:10)
  5 elephants (Lair:5)
  A rust devil (D:6)
  12 naga magi
  12 cane toads
  A frost giant skeleton (Vaults:2)
  A water nymph (shapeshifter) (Vaults:5)
  17 vault sentinels
  A smoke demon (Depths:2)
  The ghost of soggyman666 the Cleaver, a novice MiFi (D:5)
  5 guardian serpents
  An ice statue (Swamp:1)
  6 storm dragon simulacra (IceCv)
  An orange demon (D:10)
  Maggie (D:10)
  32 yaktaurs
  A torpor snail (Lair:5)
  An elf zombie (Vaults:4)
  A komodo dragon (shapeshifter) (D:15)
  2 rime drakes
  2 unseen horrors
  A dire elephant skeleton (Crypt:3)
  5 komodo dragons
  A yaktaur zombie (Vaults:1)
  2 efreet
  A demonic crawler (D:9)
  3 tengu conjurers
  3 freezing wraiths
  A green draconian zombie (Crypt:1)
  An ice devil (D:8)
  A white draconian skeleton (Crypt:3)
  A hellwing (Depths:2)
  4 golden dragon simulacra (IceCv)
  A catoblepas skeleton (Crypt:3)
  A queen bee (Lair:2)
  A sea snake skeleton (Crypt:3)
  10 trolls
  An unseen horror skeleton (Crypt:2)
  2 polar bears
  2 bloated husks
  3 yaktaur skeletons
  3 hornets (Depths:2)
  Prince Ribbit (Lair:3)
  3 harpy skeletons (Crypt:3)
  A deep troll zombie (Vaults:3)
  2 tarantellas (Vaults:3)
  A meliai zombie (Crypt:2)
  A hydra skeleton (Crypt:3)
  8 tyrant leeches
  21 blink frogs
  40 slime creatures
  A blink frog (shapeshifter) (D:14)
  A sphinx simulacrum (Vaults:4)
  A dream sheep (Lair:1)
  An ettin zombie (Vaults:1)
  10 flying skulls
  2 air elementals
  A centaur simulacrum (D:14)
  A shadow (D:13)
  6 spriggans
  5 wyverns
  2 fire dragon skeletons
  An ettin skeleton (Vaults:2)
  2 vampires
  3 water elementals
  8 wraiths
  A slime creature zombie (Crypt:3)
  58 yaks
  6 fire elementals
  2 steam dragons
  A redback (Vaults:3)
  8 vampire mosquitoes
  3 glowing shapeshifter zombies
  A spectral cane toad (Lair:5)
  7 basilisks
  13 swamp worms
  35 nagas
  5 wargs
  A fire bat zombie (Crypt:2)
  2 acid dragons
  14 water moccasins
  2 hell hounds (Elf:1)
  Duvessa (D:7)
  A floating eye (Depths:2)
  A faun skeleton (Crypt:3)
  An ogre skeleton (Vaults:2)
  46 orc warriors
  A sky beast (D:7)
  9 swamp drakes
  5 black bears
  An ice dragon simulacrum (IceCv)
  2 wolves (Depths:1)
  6 boggarts
  A manticore zombie (Crypt:3)
  17 ogres
  16 centaurs
  A lindwurm skeleton (Crypt:3)
  A hog skeleton (Crypt:1)
  A phantom (D:6)
  2 kobold brigands
  A salamander zombie (Crypt:3)
  9 bullfrogs
  2 scorpions
  An earth elemental (Elf:1)
  A necrophage (D:5)
  8 human skeletons
  21 wights
  Dowan (D:7)
  44 killer bees
  2 lindwurm simulacra (IceCv)
  2 electric eels (Lair:3)
  8 howler monkeys
  A wolf zombie (Crypt:1)
  2 jellies
  A gnoll bouda (D:3)
  29 orc priests
  2 hounds
  Crazy Yiuf (D:4)
  2 centaur skeletons
  An iguana (D:6)
  26 orc wizards
  A hound zombie (Crypt:3)
  2 howler monkey zombies
  6 gnolls
  10 adders
  A steam dragon zombie (Crypt:1)
  A white imp (D:8)
  An ufetubus (D:5)
  An iguana skeleton (Crypt:2)
  6 worms
  2 dart slugs (D:1)
  118 orcs
  6 bats
  A bat zombie (D:2)
  5 endoplasms
  2 giant cockroaches
  8 goblins
  7 hobgoblins
  2 jackals (D:1)
  21 kobolds
  9 quokkas
  13 ball pythons
  A ball python skeleton (D:2)
  3 frilled lizards
  A quokka skeleton (D:2)
  A quokka zombie (D:2)
  6 rats
  38 bushes (Zot:3)
2319 creatures vanquished.

Vanquished Creatures (collateral kills)
  A golden dragon (Zot:2)
  A storm dragon (Zot:2)
  A hell knight (Depths:2)
  A storm dragon simulacrum (IceCv)
  2 golden dragon simulacra (IceCv)
  2 black bears (D:8)
  2 ice dragon simulacra (IceCv)
  A lindwurm simulacrum (IceCv)
  An orc (D:6)
12 creatures vanquished.

Vanquished Creatures (others)
  A spriggan druid (Swamp:3)
  A storm dragon simulacrum (IceCv)
  A swamp worm (Swamp:1)
  An orc warrior (D:8)
  An ice dragon simulacrum (IceCv)
  A bush (Lair:5)
  115 fungi
  134 plants
  10 withered plants (Lair:5)
265 creatures vanquished.

Grand Total: 2596 creatures vanquished

Notes
Turn   | Place    | Note
-------+----------+-------------------------------------------
     0 | D:1      | concernfroge the Gargoyle Earth Elementalist began the
                  | quest for the Orb.
     0 | D:1      | Reached XP level 1. HP: 10/10 MP: 3/3
   104 | D:1      | Found Syeqaone's Magic Scroll Shoppe.
   287 | D:1      | Reached XP level 2. HP: 15/16 MP: 0/5
   427 | D:1      | Reached skill level 1 in Fighting
   495 | D:1      | Found Qoanyscho's Assorted Antiques.
   954 | D:1      | Found a faded altar of an unknown god.
   967 | D:1      | Reached XP level 3. HP: 20/20 MP: 4/6
  1059 | D:1      | Learned a level 3 spell: Stone Arrow
  1331 | D:1      | Bought a scroll of identify for 28 gold pieces
  1371 | D:2      | Found Etege's Armour Emporium.
  2008 | D:2      | Reached XP level 4. HP: 26/26 MP: 3/8
  2705 | D:3      | Identified the +5 dagger of the Ageless Hosts {flame, rPois
                  | Dex+2}
  2879 | D:3      | Reached XP level 5. HP: 30/31 MP: 1/9
  3193 | D:3      | You fall into a shaft and drop 3 floors!
  3211 | D:5      | Entered Level 5 of the Dungeon
  3233 | D:4      | Noticed a black bear
  3239 | D:4      | Found a snail-covered altar of Cheibriados.
  3259 | D:3      | Killed a black bear
  3260 | D:3      | Reached skill level 5 in Earth Magic
  3407 | D:3      | Reached XP level 6. HP: 37/37 MP: 8/11
  3494 | D:3      | Noticed Grinder
  3593 | D:3      | Learned a level 4 spell: Petrify
  3618 | D:4      | Found a glowing drain.
  3656 | D:4      | Identified the +10 spear of Cawuig {freeze, Contam rF++
                  | MP+9}
  3678 | Sewer    | Entered a sewer
  4133 | D:4      | Identified the +0 helmet of Pathos {rF+ Int+4 Stlth+}
  4317 | D:4      | Found a runed translucent door.
  4318 | D:4      | Noticed Crazy Yiuf
  4715 | D:3      | Reached XP level 7. HP: 43/43 MP: 5/13
  4992 | D:5      | Found a radiant altar of Vehumet.
  5180 | D:5      | Found Guerri's CLEARANCE SALE!.
  5193 | D:5      | Bought a scroll of identify for 8 gold pieces
  5193 | D:5      | Bought a potion of heal wounds for 20 gold pieces
  5193 | D:5      | Bought a scroll of brand weapon for 38 gold pieces
  5193 | D:5      | Bought a wand of charming (7) for 67 gold pieces
  5198 | D:5      | Learned a level 2 spell: Passwall
  5298 | D:1      | Bought a scroll of identify for 28 gold pieces
  5298 | D:1      | Bought a scroll of blinking for 105 gold pieces
  5480 | D:5      | Became a worshipper of Vehumet
  5559 | D:5      | Found an ancient bone altar of Kikubaaqudgha.
  5610 | D:5      | Found a runed translucent door.
  5610 | D:5      | Noticed soggyman666's ghost (novice MiFi)
  5898 | D:5      | Found a blossoming altar of Fedhas.
  6054 | D:6      | Reached skill level 5 in Fighting
  6066 | D:6      | Reached XP level 8. HP: 40/49 MP: 3/15
  6115 | D:6      | Reached skill level 5 in Spellcasting
  6853 | D:7      | Found an ornate altar of the Wu Jian Council.
  7030 | D:7      | Found a glowing golden altar of the Shining One.
  7063 | D:7      | Noticed Duvessa
  7064 | D:7      | Noticed Dowan
  7070 | D:7      | Killed Duvessa
  7071 | D:7      | Reached XP level 9. HP: 44/56 MP: 12/18
  7072 | D:7      | Killed Dowan
  7209 | D:7      | Reached * piety under Vehumet
  7209 | D:7      | Offered knowledge of Magic Dart by Vehumet.
  7429 | D:7      | Found a staircase to the Ecumenical Temple.
  7433 | Temple   | Entered the Ecumenical Temple
  7840 | D:8      | Found a staircase to the Lair.
  8126 | D:8      | Noticed a two-headed ogre
  8160 | D:8      | Reached skill level 10 in Earth Magic
  8345 | D:8      | Found a runed translucent gate.
  8346 | D:8      | Found a runed translucent gate.
  8347 | D:8      | Found an opulent altar of Gozag.
  8347 | D:8      | Found a runed translucent gate.
  8392 | D:8      | Noticed xian's ghost (novice DrBe)
  8498 | D:8      | Reached skill level 1 in Evocations
  8500 | D:8      | Reached XP level 10. HP: 65/65 MP: 21/21
  8997 | D:8      | Found Givesauc's Jewellery Emporium.
  9436 | D:9      | Noticed a two-headed ogre
  9501 | D:9      | Offered knowledge of Freeze by Vehumet.
  9505 | D:9      | Reached ** piety under Vehumet
  9737 | Lair:1   | Entered Level 1 of the Lair of Beasts
  9804 | Lair:1   | Reached skill level 5 in Evocations
 10015 | Lair:1   | Learned a level 1 spell: Apportation
 10153 | Lair:1   | Reached skill level 1 in Translocations
 10550 | Lair:1   | Reached XP level 11. HP: 69/69 MP: 21/22
 11058 | Lair:1   | You fall into a shaft and drop 1 floor!
 11066 | Lair:2   | Noticed Nergalle
 11067 | Lair:2   | Reached skill level 5 in Dodging
 11069 | Lair:3   | Noticed Prince Ribbit
 11082 | Lair:2   | Noticed Urug
 11083 | Lair:2   | Identified a scroll of acquirement
 11083 | Lair:2   | Acquired the +2 pair of gloves of the Garden {rC+}
 11088 | Lair:2   | Noticed a five-headed hydra
 11102 | Lair:2   | Offered knowledge of Conjure Flame by Vehumet.
 11114 | Lair:2   | Reached skill level 5 in Stealth
 11119 | Lair:2   | Found a staircase to the Snake Pit.
 11325 | Lair:2   | Reached *** piety under Vehumet
 11583 | Lair:1   | Reached skill level 1 in Armour
 12243 | Lair:2   | Reached skill level 5 in Armour
 12271 | Lair:2   | Offered knowledge of Iskenderun's Mystic Blast by Vehumet.
 12405 | Lair:2   | Learned a level 4 spell: Iskenderun's Mystic Blast
 12660 | Lair:2   | Reached skill level 1 in Conjurations
 12660 | Lair:2   | Reached XP level 12. HP: 68/75 MP: 19/23
 12864 | Lair:2   | Killed a five-headed hydra
 13444 | Lair:3   | Reached **** piety under Vehumet
 13446 | Lair:3   | Killed Prince Ribbit
 13763 | Lair:3   | Offered knowledge of Lightning Bolt by Vehumet.
 13770 | Lair:3   | Learned a level 5 spell: Lightning Bolt
 13958 | Lair:3   | Noticed Josephine
 13990 | Lair:3   | Killed Josephine
 13991 | Lair:3   | Reached skill level 10 in Fighting
 13997 | Lair:3   | Reached skill level 5 in Conjurations
 14093 | Lair:3   | Noticed Snorg
 15019 | Lair:3   | Noticed Snorg
 15019 | Lair:3   | Snorg changed into Snorg the yaktaur
 15023 | Lair:3   | Killed Snorg the yaktaur
 15519 | Lair:3   | Killed Nergalle
 15520 | Lair:3   | Reached XP level 13. HP: 78/82 MP: 16/26
 15795 | Lair:2   | Reached skill level 10 in Spellcasting
 16357 | Lair:2   | Found a staircase to the Swamp.
 16461 | Lair:2   | Noticed Urug
 16461 | Lair:2   | Urug changed into Urug the cyclops
 16467 | Lair:2   | Killed Urug the cyclops
 16631 | Lair:4   | Learned a level 5 spell: Freezing Cloud
 16657 | Lair:4   | Found a runed translucent door.
 16663 | Lair:4   | Found a viscous altar of Jiyva.
 16818 | Lair:4   | Reached skill level 1 in Air Magic
 16882 | Lair:4   | Reached ***** piety under Vehumet
 17174 | Lair:4   | Found a staircase to the Slime Pits.
 17352 | Lair:5   | Entered Level 5 of the Lair of Beasts
 17524 | Lair:5   | Offered knowledge of Airstrike by Vehumet.
 18502 | Lair:5   | Noticed a dire elephant
 18505 | Lair:5   | Noticed a dire elephant
 18505 | Lair:5   | Noticed a dire elephant
 18881 | D:8      | Reached skill level 5 in Air Magic
 19120 | D:4      | Killed Crazy Yiuf
 19208 | D:5      | Killed soggyman666's ghost
 19209 | D:5      | Reached skill level 10 in Armour
 19358 | D:8      | Killed xian's ghost
 20324 | D:9      | Gained mutation: Your large and strong wings let you fly.
                  | [Gargoyle growth]
 20324 | D:9      | Reached XP level 14. HP: 57/88 MP: 13/28
 20420 | D:10     | Entered Level 10 of the Dungeon
 20452 | D:10     | Noticed Amaemon
 20459 | D:10     | Killed Amaemon
 20545 | D:10     | Noticed Maggie
 20549 | D:10     | Noticed Maurice
 20549 | D:10     | Killed Maggie
 20558 | D:10     | Killed Maurice
 20740 | D:10     | Found a staircase to the Orcish Mines.
 20876 | D:10     | Found a broken altar of Ashenzari.
 22789 | D:2      | Bought a +0 kite shield for 45 gold pieces
 23030 | D:12     | Reached skill level 1 in Shields
 23044 | D:12     | Noticed Lodul
 23079 | D:12     | Offered knowledge of Ozocubu's Refrigeration by Vehumet.
 23276 | D:12     | Noticed Jorgrun
 23285 | D:12     | Killed Jorgrun
 23382 | D:12     | Reached skill level 5 in Shields
 23507 | D:12     | Got the Anthology of the Wind and the Throng
 24447 | D:12     | Killed Lodul
 24856 | D:12     | Noticed Rupert
 24866 | D:12     | Killed Rupert
 25026 | Orc:1    | Entered Level 1 of the Orcish Mines
 26312 | Orc:2    | Entered Level 2 of the Orcish Mines
 26313 | Orc:2    | Offered knowledge of Eringya's Noxious Bog by Vehumet.
 26432 | Orc:2    | Reached skill level 10 in Shields
 26552 | Orc:2    | Reached XP level 15. HP: 92/92 MP: 29/29
 26557 | Orc:2    | Found a staircase to the Elven Halls.
 26858 | Orc:2    | Noticed Nessos
 26872 | Orc:2    | Killed Nessos
 27176 | Orc:2    | Paralysed by an orc sorcerer for 4 turns
 27746 | Orc:2    | Offered knowledge of Irradiate by Vehumet.
 27751 | Orc:2    | Noticed an orc warlord
 27759 | Orc:2    | Killed an orc warlord
 28329 | Orc:2    | Found Wuiskotu's General Store.
 28330 | Orc:2    | Found Rittusam's Book Shop.
 28332 | Orc:2    | Found Ytitzupa's Antique Armour Boutique.
 28332 | Orc:2    | Found Loasseti's Antique Weapon Boutique.
 28349 | Orc:2    | Bought a book of Burglary for 260 gold pieces
 28353 | Orc:2    | Learned a level 3 spell: Swiftness
 28468 | Orc:2    | Bought a scroll of fear for 56 gold pieces
 28468 | Orc:2    | Bought a scroll of blinking for 105 gold pieces
 28468 | Orc:2    | Bought a scroll of blinking for 105 gold pieces
 28468 | Orc:2    | Bought a scroll of enchant armour for 105 gold pieces
 28623 | D:8      | Bought an amulet of regeneration for 390 gold pieces
 28777 | Orc:2    | Bought a book of Fire for 572 gold pieces
 28785 | Orc:2    | Learned a level 6 spell: Starburst
 29008 | D:1      | Bought a scroll of fear for 56 gold pieces
 29008 | D:1      | Bought a scroll of vulnerability for 56 gold pieces
 29008 | D:1      | Bought a scroll of fear for 56 gold pieces
 29008 | D:1      | Bought a scroll of teleportation for 42 gold pieces
 29008 | D:1      | Bought a scroll of teleportation for 42 gold pieces
 29299 | D:13     | Reached skill level 1 in Fire Magic
 29430 | D:13     | Learned a level 2 spell: Blink
 29991 | D:13     | Identified the +2 ring mail "Ekyz" {Dex+3}
 30853 | D:14     | Found a gate to the Vaults.
 31431 | D:15     | Entered Level 15 of the Dungeon
 32237 | D:15     | Offered knowledge of Lee's Rapid Deconstruction by Vehumet.
 32268 | D:15     | Reached XP level 16. HP: 100/100 MP: 17/30
 32756 | D:15     | Reached skill level 10 in Conjurations
 32868 | D:15     | Found a staircase to the Depths.
 33143 | Swamp:1  | Entered Level 1 of the Swamp
 33191 | Swamp:1  | Reached skill level 5 in Fire Magic
 33739 | Swamp:1  | Learned a level 5 spell: Lee's Rapid Deconstruction
 33741 | Swamp:1  | Found a frozen archway.
 33753 | IceCv    | Entered an ice cave
 34174 | IceCv    | Noticed a golden dragon
 34212 | IceCv    | Killed a golden dragon
 34251 | IceCv    | Identified the amulet "Hanluben" {Reflect Will++ Int+4
                  | SH+5}
 34277 | IceCv    | Identified the ring "Jeyfih" {rElec rPois rF+ rCorr Dex+2}
 34950 | Swamp:2  | Reached ****** piety under Vehumet
 34984 | Swamp:2  | Found a transporter.
 35025 | Swamp:2  | Found a transporter.
 35026 | Swamp:2  | Noticed Lifilof's ghost (adept MiFi)
 35661 | Swamp:3  | Noticed Nikola
 35665 | Swamp:3  | Found a bloodstained altar of Trog.
 35672 | Swamp:3  | Killed Nikola
 36780 | Snake:1  | Entered Level 1 of the Snake Pit
 37166 | Snake:1  | Reached XP level 17. HP: 106/106 MP: 11/33
 37601 | Snake:1  | Reached skill level 10 in Stealth
 37953 | Snake:1  | Offered knowledge of Iskenderun's Battlesphere by Vehumet.
 38215 | Snake:1  | Got the Tractate on the Chill and Arcane Weapons
 39857 | Snake:2  | Learned a level 5 spell: Iskenderun's Battlesphere
 40455 | Snake:3  | Identified the +9 spear of Radicalism {venom, Drain rF+
                  | Str+5}
 40841 | Snake:3  | Noticed Asterion
 40851 | Snake:3  | Killed Asterion
 41681 | Snake:3  | Found the +11 plutonium sword {Contam Stlth-}
 41830 | Snake:3  | Reached skill level 10 in Fire Magic
 42335 | Snake:4  | Entered Level 4 of the Snake Pit
 42457 | Snake:4  | Reached XP level 18. HP: 112/113 MP: 33/36
 42502 | Snake:4  | Offered knowledge of Orb of Destruction by Vehumet.
 43960 | Snake:4  | Reached skill level 15 in Spellcasting
 44957 | Snake:2  | Learned a level 6 spell: Iron Shot
 45155 | Snake:4  | Got a serpentine rune of Zot
 45371 | Swamp:4  | Entered Level 4 of the Swamp
 46273 | Swamp:4  | Noticed the 27-headed Lernaean hydra
 46281 | Swamp:4  | Killed the 27-headed Lernaean hydra
 46908 | Swamp:4  | Offered knowledge of Lehudib's Crystal Spear by Vehumet.
 46908 | Swamp:4  | Offered knowledge of Chain Lightning by Vehumet.
 46908 | Swamp:4  | Offered knowledge of Maxwell's Capacitive Coupling by
                  | Vehumet.
 47280 | Swamp:4  | Got a decaying rune of Zot
 47513 | Elf:1    | Entered Level 1 of the Elven Halls
 47514 | Elf:1    | Noticed Azrael
 47523 | Elf:1    | Killed Azrael
 47524 | Elf:1    | Reached XP level 19. HP: 119/119 MP: 30/39
 47899 | Elf:1    | Identified the +5 trident of Amyqer {freeze, rN+ Dex+3}
 47905 | Elf:1    | Noticed Agnes
 47909 | Elf:1    | Killed Agnes
 49554 | Elf:2    | Identified the +4 glaive "Riacheg" {speed, rN+}
 49599 | Elf:2    | Noticed Saint Roka
 49609 | Elf:2    | Killed Saint Roka
 49881 | Elf:2    | Paralysed by an air elemental for 1 turns
 50312 | Elf:2    | Found a runed translucent gate.
 50314 | Elf:2    | Found a runed translucent gate.
 50319 | Elf:2    | Found a runed translucent gate.
 52026 | Vaults:1 | Entered Level 1 of the Vaults
 52526 | Vaults:1 | Found Tucaipus's Antique Weapon Emporium.
 52597 | Vaults:1 | Found a flickering gateway to a bazaar.
 52602 | Bazaar   | Entered a bazaar
 52609 | Bazaar   | Found Ariogre's Armour Shop.
 52635 | Bazaar   | Found Iwken's Jewellery Shop.
 52649 | Bazaar   | Found Ixzijol's Distillery.
 52657 | Bazaar   | Bought a potion of curing for 21 gold pieces
 52657 | Bazaar   | Bought a potion of curing for 21 gold pieces
 52657 | Bazaar   | Bought a potion of brilliance for 28 gold pieces
 52657 | Bazaar   | Bought a potion of curing for 21 gold pieces
 52657 | Bazaar   | Bought a potion of mutation for 56 gold pieces
 52689 | Bazaar   | Found Itoff's Book Shop.
 52697 | Bazaar   | Bought a book of Annihilations for 780 gold pieces
 52706 | Bazaar   | Learned a level 8 spell: Lehudib's Crystal Spear
 52768 | Bazaar   | Bought a potion of attraction for 21 gold pieces
 52768 | Bazaar   | Bought a potion of might for 28 gold pieces
 52851 | Vaults:1 | Reached XP level 20. HP: 124/124 MP: 25/43
 52983 | Vaults:1 | Found Jyimu's Assorted Antiques.
 53043 | Vaults:1 | Bought a wand of mindburst (6) for 268 gold pieces
 53275 | Vaults:1 | Found Qushrit's Assorted Antiques.
 53283 | Vaults:1 | Bought a scroll of amnesia for 136 gold pieces
 53640 | Vaults:1 | Reached skill level 15 in Earth Magic
 54603 | Vaults:2 | Found Nyoxat's Jewellery Shop.
 56443 | Vaults:2 | Found a staircase to the Crypt.
 57120 | Vaults:3 | Reached XP level 21. HP: 116/129 MP: 44/44
 59529 | Vaults:3 | Identified the +9 trident "Paddiudi" {vorpal, rPois}
 59532 | Vaults:3 | Identified the +8 dagger of Qaema {spect, rPois rF- Dex+3}
 60416 | Vaults:4 | Identified the +7 tower shield "Xucrorphe" {Slay+6}
 60857 | Vaults:4 | Reached XP level 22. HP: 104/135 MP: 36/45
 61854 | Crypt:1  | Entered Level 1 of the Crypt
 62245 | Crypt:1  | Noticed a dread lich
 62247 | Crypt:1  | Killed a dread lich
 63132 | Crypt:1  | Found the +6 Majin-Bo {vamp, MP+6 Int+6}
 63630 | Crypt:1  | Found a runed translucent gate.
 63631 | Crypt:1  | Found a runed translucent gate.
 63632 | Crypt:1  | Found a runed translucent gate.
 63633 | Crypt:1  | Found an ancient bone altar of Kikubaaqudgha.
 63633 | Crypt:1  | Noticed Woadakig's ghost (veteran FoFi)
 63633 | Crypt:1  | Noticed Fainec's ghost (veteran GrEE)
 63634 | Crypt:1  | Noticed a dread lich
 64838 | Crypt:3  | Entered Level 3 of the Crypt
 65089 | Crypt:3  | Reached skill level 15 in Shields
 65820 | Crypt:3  | Found a staircase to the Tomb.
 66515 | Crypt:3  | Noticed a curse toe
 66519 | Crypt:3  | Killed a curse toe
 66533 | Crypt:3  | Reached XP level 23. HP: 114/142 MP: 6/47
 67376 | Crypt:3  | Noticed an ancient lich
 67382 | Crypt:3  | Killed an ancient lich
 67383 | Crypt:3  | Reached skill level 15 in Fighting
 68123 | Crypt:3  | Identified the +5 scimitar "Ymuiw" {flame, Stlth+}
 68128 | Crypt:3  | Got Miraoh's Octavo of Left-Handed Secrets
 68487 | Depths:1 | Entered Level 1 of the Depths
 68501 | Depths:1 | Found Cerreut's Jewellery Shop.
 68966 | Depths:1 | Found Donioc's Antique Armour Shop.
 69211 | Depths:1 | Bought dazzling acid dragon scales for 1305 gold pieces
 69211 | Depths:1 | Identified the +4 acid dragon scales "Ciroc" {Regen+ rCorr
                  | Slay+3} (You bought it in a shop on level 1 of the Depths)
 69581 | Depths:1 | Identified the +1 arbalest "Killer Klown's Death" {penet,
                  | rPois Str+7 Dex+2}
 69728 | Depths:1 | Found Axuirghan's Book Emporium.
 69882 | Depths:1 | Learned a level 9 spell: Shatter
 70064 | Depths:1 | Found a one-way gate to the infinite horrors of the Abyss.
 70176 | Depths:1 | Found a one-way gate leading to the halls of Pandemonium.
 70242 | Depths:1 | Found Wiluh's General Store.
 70403 | Depths:1 | Bought a scroll of magic mapping for 112 gold pieces
 70403 | Depths:1 | Bought a potion of heal wounds for 75 gold pieces
 70403 | Depths:1 | Bought a potion of cancellation for 120 gold pieces
 70865 | Depths:1 | Found a gateway to Hell.
 71115 | Depths:1 | Found Woalowk's General Store.
 71467 | Depths:2 | Found a one-way gateway to a ziggurat.
 71710 | Depths:2 | Found an opulent altar of Gozag.
 73071 | Depths:2 | Found the +9 sword of Zonguldrok {reap}
 73571 | Depths:2 | Reached skill level 1 in Polearms
 73571 | Depths:2 | Reached XP level 24. HP: 156/156 MP: 39/47
 73895 | Depths:2 | Identified the ring of Votic {Fire Int-4 Dex+2 SInv}
 74186 | Depths:2 | Noticed a caustic shrike
 74186 | Depths:2 | Noticed a juggernaut
 74194 | Depths:2 | Killed a juggernaut
 74195 | Depths:2 | Reached skill level 5 in Polearms
 74195 | Depths:2 | Killed a caustic shrike
 74320 | Depths:2 | Noticed a juggernaut
 74325 | Depths:2 | Killed a juggernaut
 76245 | Depths:3 | Reached skill level 10 in Polearms
 76985 | Depths:3 | Got Agisisi's Monograph on Attacks
 77030 | Depths:3 | Found a burning altar of Makhleb.
 77428 | Depths:3 | Found a corrupted altar of Lugonu.
 77575 | Depths:4 | Entered Level 4 of the Depths
 77575 | Depths:4 | Noticed a caustic shrike
 77575 | Depths:4 | Noticed a caustic shrike
 77575 | Depths:4 | Noticed a caustic shrike
 77575 | Depths:4 | Noticed a caustic shrike
 77878 | Depths:4 | Killed a caustic shrike
 77880 | Depths:4 | Killed a caustic shrike
 77881 | Depths:4 | Killed a caustic shrike
 77882 | Depths:4 | Reached XP level 25. HP: 119/161 MP: 9/47
 78504 | Depths:1 | Bought a +2 helmet of see invisible for 365 gold pieces
 78873 | Depths:4 | Found a gate to the Realm of Zot.
 79758 | Vaults:5 | Entered Level 5 of the Vaults
 79855 | Vaults:5 | Identified the amulet "Pufaun" {RegenMP rC+ Stlth+}
 79870 | Vaults:5 | Noticed a dread lich
 79874 | Vaults:5 | Killed a dread lich
 79891 | Vaults:5 | Identified the +0 chain mail "Quqaces" {Dex+4}
 79904 | Vaults:5 | Reached XP level 26. HP: 149/175 MP: 47/47
 79914 | Vaults:5 | Identified the ring of Past Mistakes {Str+4 SInv}
 79920 | Vaults:5 | Noticed a dread lich
 79923 | Vaults:5 | Killed a dread lich
 80324 | Vaults:5 | Identified the +12 falchion "Uhiobog" {spect, Dex+2}
 80882 | Vaults:5 | Got a silver rune of Zot
 81061 | Vaults:5 | Identified the +0 robe of Okawaru's Whim {rC+ Int+2}
 81146 | Vaults:5 | Identified the +8 spear of Disembowelment {vorpal, rF-
                  | Dex+5}
 81147 | Vaults:5 | Identified the +5 mace "Onnupiet" {freeze, Fly Int+4}
 81195 | Vaults:5 | Identified the +5 broad axe "Ywoweful" {drain, rF+ rC+}
 81196 | Vaults:5 | Identified the +7 chain mail "Narchuthra" {rF+++ rC+++
                  | Str-3 Dex+4}
 81794 | Depths:2 | Learned a level 5 spell: Borgnjor's Vile Clutch
 81947 | Zot:1    | Entered Level 1 of the Realm of Zot
 81978 | Zot:1    | Reached skill level 1 in Necromancy
 83859 | Zot:2    | Found Ruus's Changing Room.
 84090 | Zot:2    | Reached skill level 5 in Necromancy
 86328 | Zot:4    | Reached XP level 27. HP: 184/186 MP: 12/47
 86464 | Zot:4    | Reached skill level 15 in Conjurations
 88049 | Zot:5    | Entered Level 5 of the Realm of Zot
 88523 | Zot:5    | Noticed an orb of fire
 88529 | Zot:5    | Noticed an orb of fire
 88529 | Zot:5    | Noticed an ancient lich
 88530 | Zot:5    | Gained mutation: Your body sometimes deteriorates upon
                  | taking damage. [an orb of fire]
 88532 | Zot:5    | Gained mutation: You have large cloven feet. [an orb of
                  | fire]
 88532 | Zot:5    | Noticed an ancient lich
 88534 | Zot:5    | Noticed an orb of fire
 88535 | Zot:5    | Gained mutation: You have hidden genetic defects. [an orb
                  | of fire]
 88536 | Zot:5    | Killed an ancient lich
 88555 | Zot:5    | Killed an orb of fire
 88558 | Zot:5    | Killed an orb of fire
 88558 | Zot:5    | Gained mutation: You occasionally lose the ability to read
                  | scrolls when taking damage. [an orb of fire]
 88561 | Zot:5    | Killed an orb of fire
 88562 | Zot:5    | Noticed a dread lich
 88563 | Zot:5    | Killed an ancient lich
 88563 | Zot:5    | Killed a dread lich
 88579 | Zot:4    | Gained mutation: You sometimes lose your temper in combat.
                  | [hidden defects]
 88789 | Zot:5    | Reached skill level 15 in Armour
 89384 | Zot:5    | Noticed a dread lich
 89395 | Zot:5    | Killed a dread lich
 89406 | Zot:5    | Gained mutation: You sometimes lose the ability to read
                  | scrolls when taking damage. [hidden defects]
 89406 | Zot:5    | Lost mutation: You have hidden genetic defects. [hidden
                  | defects expressed]
 89509 | Zot:5    | Got the Orb of Zot
 89551 | Zot:5    | Noticed a seraph
 89702 | Depths:3 | Noticed Ycvetil the pandemonium lord
 90165 | D:$      | Escaped with the Orb!

Illustrated notes

Levels and vault maps discovered:
D:1:      ncdulo_lavacross, layout_loops_corners, serial_shops,
          nicolae_shop_overgrown_old_shop, nicolae_shop_hallway_plus,
          dreamdust_ecumenical_altar_grove, grunt_decor_junction
D:2:      layout_loops_corners, serial_undead, serial_undead_b, serial_undead_d,
          serial_undead_e, serial_undead_d, serial_undead_d, serial_undead_a,
          serial_shops, nicolae_diamond_shop, skrybe_limestone_x
D:3:      minmay_angry_zag, layout_basic, minmay_between, uniq_grinder
D:4:      layout_cave_pools, slow_altar_1, cheibrodos_sewer_entry_drain,
          uniq_crazy_yiuf_cottage
D:5:      layout_loops_ring, fedhas_altar_fruit_tree,
          nicolae_kikubaaqudgha_miasma_corner, vehumet_altar_wand_db,
          hellmonk_ghost_happy_afterlife, nicolae_shop_clearance
D:6:      layout_cave_pools
D:7:      layout_cave_pools, mainiacjoe_overflow_alcove_1,
          mainiacjoe_overflow_cross_hatched, minmay_temple_entry_glassed_door,
          uniq_duvessa
D:8:      layout_layer_cave, due_lair_maze_entry_diamond, ebering_ghost_gozag,
          serial_shops, nicolae_shop_statue_plus, enter_ossuary_5
D:9:      layout_loops_corners, minivault_16
D:10:     layout_roguey, evilmike_ruin_ashenzari, david_orc_3,
          minmay_dual_archer_statues, uniq_maggie, uniq_maurice, uniq_amaemon
D:11:     layout_cave_pods
D:12:     layout_loops_ring, uniq_rupert, uniq_jorgrun, uniq_lodul
D:13:     layout_loops_ring
D:14:     layout_irregular_city, skrybe_vaults_entry_preservation,
          kennysheep_two_boxes
D:15:     gammafunk_enter_depths_forms, layout_loops_ring
Temple:   regret_index_temple_waves
Lair:1:   layout_cave_pods, wad_woods_02, lemuel_fruit_fields
Lair:2:   regret_index_bee_streams, layout_chaotic_city,
          minmay_swamp_entry_worms, guppyfry_snake_entry_island,
          gauntlet_entry_generic, uniq_urug, uniq_nergalle
Lair:3:   layout_cave_pods, disabler_island, serial_bayou_shore_b,
          grunt_megastairs_3, uniq_snorg, uniq_josephine, uniq_prince_ribbit2
Lair:4:   layout_regular_city, slime_entry_2, grunt_megastairs_1
Lair:5:   due_jungle_book, layout_regular_city, infiniplex_staircase_pool_2,
          lemuel_fruit_tree
Swamp:1:  layout_basic_swamp, portal_ice_cave_entry_ice_statue_one,
          evilmike_swamp_ruin_house_5, swamp_pool4, kb_tengu_band
Swamp:2:  layout_falls_marsh, gammafunk_ghost_berserking_beasts,
          serial_swamp_ruin, hangedman_swamp_ruin_hall,
          evilmike_swamp_ruin_house_2, evilmike_swamp_ruin_rubble_2, swamp_pool2
Swamp:3:  layout_basic_swamp, evilmike_swamp_ruin_house_1,
          nicolae_swamp_godswood, uniq_nikola
Swamp:4:  swamp_old_school, layout_basic_swamp
Snake:1:  layout_gridlike
Snake:2:  layout_gridlike, serial_corexii_hall, corexii_hall_statues_deadend,
          corexii_hall_statues_i, nicolae_snake_ghostly_warrior_ritual
Snake:3:  dpeg_oklob_gauntlet, layout_rooms, serial_corexii_hall,
          corexii_hall_statues_x, corexii_hall_statues_i,
          chequers_hall_statues_corner_a, chequers_hall_statues_corner_a,
          uniq_asterion
Snake:4:  johnstein_snake_rune_scales, layout_cave_town, grunt_ministairs_8
Orc:1:    layout_caves, basic_altar, minmay_orc_temple_c
Orc:2:    st_orc_congregation, layout_diamond_mine, uniq_nessos
Elf:1:    nicolae_elf_arrival_no_cutting_in_line, layout_geoelf_diagonals,
          hangedman_elf_disciples, grunt_megastairs_4, uniq_azrael, uniq_agnes
Elf:2:    nicolae_elf_blades_splatter_lattice
          [nicolae_vaults_blade_armed_guards], layout_geoelf_diagonals,
          uniq_saint_roka
Vaults:1: v_rooms_4, vaults_room_door_ring, grunt_vaults_focal,
          vaults_dpeg_ring, hangedman_vaults_restitches, ontoclasm_vaults_chip,
          vaults_room_pool, vaults_room_pool, layout_vaults_omnigrid,
          serial_shops, bzr_entry_road,
          nicolae_shop_temple_entry_statues_fountains, shop, nicolae_square_shop
Vaults:2: nicolae_vaults_inception_statues, nicolae_vaults_c_with_doors,
          v_misc_25, nicolae_vaults_circle_grid_b, v_misc_26,
          vaults_standard_mumra_lines, minmay_crypt_entry_skeletal_spiral,
          nicolae_vaults_circle_grid_b, nicolae_vaults_little_squares_6,
          grunt_vaults_bifocal, hangedman_vaults_cutoff,
          hangedman_vaults_stagger, nicolae_vaults_little_squares_5,
          layout_vaults_maze, serial_shops, nicolae_shop_waterfront
Vaults:3: nicolae_vaults_what_the_h, hangedman_vaults_pinch,
          nicolae_vaults_three_branches, v_alt_pattern_6, v_misc_3,
          nicolae_vaults_network_quinsquares
          [nicolae_vaults_network_quincunx_subvault,
          nicolae_vaults_network_quincunx_subvault,
          nicolae_vaults_network_quincunx_subvault,
          nicolae_vaults_network_quincunx_subvault], vaults_room_semicircle,
          v_misc_25, ontoclasm_vaults_claustrophobia, nicolae_vaults_meeting,
          layout_vaults_omnicross
Vaults:4: v_misc_22, vaults_room_stairs_pillars, grunt_vaults_swirl, v_misc_13,
          v_alt_pattern_6, ontoclasm_vaults_chip, nicolae_vaults_shelves_hall,
          v_misc_10, hangedman_vaults_river_flow, layout_vaults_ring
Vaults:5
Crypt:1:  minmay_guarded_unrand_majin_bo, layout_chaotic_city,
          gammafunk_ghost_crypt
Crypt:2:  layout_misc_corridors
Crypt:3:  due_elkab, layout_chaotic_city, nicolae_tomb_entry_rubble_hallway
Depths:1: grunt_bruiser_brothers, layout_gridlike, abyss_entry,
          dk_noncrumbling_3, grunt_pan_entry_zigzag, serial_shops, shop,
          nicolae_shop_behind_doors, nicolae_shop_stone,
          nicolae_shop_temple_entry_statues_fountains, shop_fountains,
          grunt_hell_entry_dis_mu, minivault_16, kilobyte_rumbling_trees
Depths:2: minmay_nested_s, layout_twisted_cross, enter_ziggurat_b,
          lightli_too_deep, rand_demon_pan_entry_8, nicolae_gozag_seed_capital,
          fountainhead, chequers_jeans, minmay_guarded_unrand_zonguldrok
Depths:3: minmay_the_grid_triangle_9x9_rhombus_full_mashed
          [minmay_the_grid_triangle_9x9_intruding_spiral,
          minmay_the_grid_triangle_9x9_sparse_checkered,
          minmay_the_grid_triangle_9x9_shrine,
          minmay_the_grid_triangle_9x9_stretched_checkered,
          minmay_the_grid_triangle_9x9_negative_grid,
          minmay_the_grid_triangle_9x9_pentomino_pain,
          minmay_the_grid_triangle_9x9_semitri,
          minmay_the_grid_triangle_9x9_prize_schism], layout_long_grid,
          kennysheep_another_room, hell_entry, abyss_entry_flame_altar
Depths:4: evilmike_zot_entry_argh, layout_long_grid, pan_entry, hell_entry,
          drop_trap
Zot:1:    layout_misc_corridors, uniq_josephina
Zot:2:    layout_gridlike, nicolae_transmutations_shop
Zot:3:    grunt_zot_stairs_overgrown, layout_basic
Zot:4:    nicolae_zot_stationary_front, layout_twisted_circle, lemuel_elevator
Zot:5:    layout_basic

Skill      XL: |  1  2  3  4  5  6  7  8  9 10 11 12 13 14 15 16 17 18 19 20 21 22 23 24 25 26 27 |
---------------+----------------------------------------------------------------------------------+-----
Fighting       | 1 2 3 4 5 6 8 10 11 12 13 14 17 22 24 | 24.0
Earth Magic    | 4 5 6 7 8 10 11 12 13 19 23 24 | 24.0
Spellcasting   | 3 4 6 7 9 10 12 14 16 19 20 | 20.0
Evocations     | 1 6 |  6.6
Dodging        | 4 5 |  5.0
Translocations | 3 4 |  4.0
Stealth        | 8 9 10 | 10.0
Armour         | 6 10 14 16 | 16.6
Conjurations   | 1 7 8 9 10 14 18 | 18.0
Air Magic      | 5 8 |  8.0
Shields        | 10 12 13 15 | 15.6
Fire Magic     | 4 8 10 | 10.0
Polearms       | 1 12 | 12.0
Necromancy     | 6 |  6.0
Transmutations | |  0.7

Action                   |  1- 3 |  4- 6 |  7- 9 | 10-12 | 13-15 | 16-18 | 19-21 | 22-24 | 25-27 || total
-------------------------+-------+-------+-------+-------+-------+-------+-------+-------+-------++-------
Melee: Unarmed           |     6 |       |       |       |       |       |       |       |       ||     6
       Spear             |       |       |       |    29 |     9 |     4 |     4 |    11 |    18 ||    75
       Punch             |       |       |       |     2 |     1 |       |       |       |       ||     3
Throw: Throwing net      |       |       |       |       |     2 |       |       |       |       ||     2
 Cast: Sandblast         |    62 |    96 |    12 |    11 |    40 |    20 |    10 |     3 |       ||   254
       Stone Arrow       |       |    13 |    94 |   314 |   624 |   622 |   252 |    25 |     6 ||  1950
       Petrify           |       |       |       |    14 |    17 |     2 |     2 |       |       ||    35
       Freezing Cloud    |       |       |       |       |   130 |   185 |   127 |    60 |    26 ||   528
       Lightning Bolt    |       |       |       |       |    21 |     6 |     1 |     1 |       ||    29
       Lee's Rapid Decon |       |       |       |       |       |    16 |    57 |   186 |     8 ||   267
       Starburst         |       |       |       |       |       |    16 |     2 |       |       ||    18
       Iskenderun's Batt |       |       |       |       |       |    14 |       |       |       ||    14
       Blink             |       |       |       |       |       |     1 |     1 |       |     1 ||     3
       Iron Shot         |       |       |       |       |       |    43 |   311 |   428 |   280 ||  1062
       Lehudib's Crystal |       |       |       |       |       |       |     3 |    47 |    24 ||    74
       Swiftness         |       |       |       |       |       |       |       |     3 |       ||     3
       Shatter           |       |       |       |       |       |       |       |    43 |   163 ||   206
       Borgnjor's Vile C |       |       |       |       |       |       |       |       |    41 ||    41
Evoke: Wand              |       |       |    12 |    56 |    45 |    30 |     5 |     9 |    11 ||   168
       Tin of tremorston |       |       |       |       |       |     4 |     5 |     4 |       ||    13
       Lightning rod     |       |       |       |       |       |       |       |     4 |       ||     4
       Box of beasts     |       |       |       |       |       |       |       |     1 |     1 ||     2
       Condenser vane    |       |       |       |       |       |       |       |     1 |       ||     1
       Phantom mirror    |       |       |       |       |       |       |       |       |     1 ||     1
  Use: Scroll            |     2 |     7 |     2 |    27 |     8 |    10 |     2 |     5 |    11 ||    74
       Potion            |       |     1 |       |     5 |       |     1 |       |     2 |    26 ||    35
Armor: Robe              |     5 |    17 |    22 |    69 |       |       |       |    53 |       ||   166
       Troll leather arm |       |       |       |     4 |    77 |   104 |   122 |     1 |       ||   308
       Leather armour    |       |       |       |       |    20 |    51 |       |       |       ||    71
       Acid dragon scale |       |       |       |       |       |       |       |    40 |   132 ||   172
Dodge: Dodged            |     8 |    45 |    39 |   149 |   104 |    77 |    65 |    36 |    66 ||   589
Block: Kite shield       |       |       |       |       |    26 |   218 |   212 |       |       ||   456
       Reflection        |       |       |       |       |       |    49 |    54 |    22 |    12 ||   137
       Tower shield      |       |       |       |       |       |       |    16 |   313 |   214 ||   543
